 Dungeon Crawl Stone Soup version 0.28-a0-1389-gc726bef33b (webtiles) character file.

Game seed: 4718910992114912230

2501 bande the Cleaver (level 9, -10/55 HPs)
             Began as a Gargoyle Fighter on Jan 4, 2022.
             Was a Follower of Okawaru.
             Mangled by Gastronok (29 damage)
             ... on level 8 of the Dungeon.
             The game lasted 00:13:38 (10251 turns).

bande the Cleaver (Gargoyle Fighter)               Turns: 10251, Time: 00:13:39

Health: -10/55     AC: 21    Str: 22    XL:     9   Next: 53%
Magic:  10/10      EV:  6    Int:  9    God:    Okawaru [*.....]
Gold:   650        SH:  7    Dex: 19    Spells: 8/8 levels left

rFire   . . .      SeeInvis .   a - +1 war axe
rCold   . . .      Faith    .   c - +1 buckler
rNeg    + . .      Spirit   .   i - +0 plate armour
rPois   ∞          Reflect  .   (no helmet)
rElec   +          Harm     .   (no cloak)
rCorr   .          Rampage  .   (no gloves)
Will    .....                   (no boots)
Stlth   ..........              (no amulet)
HPRegen 0.18/turn               b - +6 ring of dexterity
MPRegen 0.12/turn               (no ring)

@: lit by a corona, slowed, glowing, very slow
A: sickness immunity, AC +6, negative energy resistance 1, electricity
resistance, torment resistance 1, petrification resistance, iridescent scales 1,
screaming 1, strong 1
a: Renounce Religion, Heroism


You were on level 8 of the Dungeon.
You worshipped Okawaru.
Okawaru was aware of your devotion.
You visited 2 branches of the dungeon, and saw 10 of its levels.
You also visited: Ossuary.

You collected 664 gold pieces.
You spent 14 gold pieces at shops.

Inventory:

Hand Weapons
 a - a +1 war axe (weapon)
 f - a +0 war axe
 g - a +0 flail
Armour
 c - a +1 buckler (worn)
 i - a +0 plate armour (worn)
Jewellery
 b - a +6 ring of dexterity (left hand)
Wands
 m - a wand of iceblast (9)
 n - a wand of acid (12)
 r - a wand of flame (25)
Scrolls
 l - a scroll of silence
 p - 3 scrolls of fear
 q - 2 scrolls of teleportation
Potions
 d - 3 potions of might
 e - 2 potions of magic
 h - a potion of berserk rage {unknown}
 j - 7 potions of curing
 k - 3 potions of brilliance
 o - a potion of mutation
 s - a potion of haste {unknown}
 t - a potion of attraction {unknown}


   Skills:
 + Level 6.0 Fighting
 + Level 8.2 Axes
 + Level 6.3 Armour
 + Level 5.4 Shields
 * Level 2.6 Invocations
 * Level 3.0 Evocations


You had 8 spell levels left.
You didn't know any spells.
Your spell library contained the following spells:

 Spells                   Type           Power      Damage    Failure   Level
 Freeze                   Ice            0%         1d3       100%        1
 Conjure Flame            Conj/Fire      0%         6-21      100%        3
 Frozen Ramparts          Ice            0%         1d2       100%        3
 Ignite Poison            Fire/Tmut/Pois 0%         N/A       100%        3
 Hailstorm                Conj/Ice       0%         3d3       100%        4
 Sticky Flame             Conj/Fire      0%         2d3       100%        4


Dungeon Overview and Level Annotations

Branches:
Dungeon (9/15)             Temple (1/1) D:6             Orc (0/2) D:9
Ossuary (visited)
   Lair: D:8-11

Altars:
Dithmenos
Elyvilon
Gozag
Kikubaaqudgha
Nemelex Xobeh
Okawaru
Sif Muna
Trog
Vehumet
Wu Jian
Zin
The Shining One

Shops:
D:5 !

Annotations:
D:8 Gastronok


Innate Abilities, Weirdness & Mutations

You are immune to sickness and miasma.
Your stone body is resilient. (AC +6)
You are immune to poison.
You resist negative energy. (rN+)
You are resistant to electric shocks. (rElec)
You are resistant to unholy torment.
You are immune to petrification.
You are partially covered in iridescent scales. (AC +2)
You occasionally shout uncontrollably at your foes.
Your muscles are strong. (Str +2)


Message History

You are outlined in light.
You block the gnoll's attack.
The gnoll hits you from afar with a +0 spear.
The gnoll hits you with a +0 whip.
You hit Gastronok.
Gastronok is lightly wounded.
You barely miss the gnoll shaman. You hit the gnoll. You slash the gnoll!
The gnoll hits you but does no damage.
You take on a slight green cast.
The gnoll completely misses you.
Unknown command.
You slash Gastronok!
Gastronok is moderately wounded.
You barely miss the gnoll.
You hit the gnoll shaman but do no damage.
You completely miss the gnoll. You hit the gnoll.
The gnoll hits you but does no damage. The gnoll hits you with a +0 whip.
You block the gnoll's attack.
The gnoll shaman calls upon its god to speed up the gnoll.
The gnoll seems to speed up.
The gnoll hits you but does no damage. You block the gnoll's attack.
The gnoll barely misses you.
Gastronok gurgles, "A snack!
A snack!"
Gastronok mumbles some strange words.
The gnoll hits you but does no damage. x2
You hit Gastronok.
Gastronok is moderately wounded.
You hit the gnoll.
You kill the gnoll!
Okawaru accepts your kill.
You slash the gnoll shaman! You slash the gnoll! You completely miss the gnoll.
You slash the gnoll!
You kill the gnoll!
Okawaru accepts your kill. The gnoll hits you but does no damage.
The gnoll shaman hits you but does no damage.
You block the gnoll's attack. x2; The gnoll barely misses you.
The gnoll hits you but does no damage.
The gnoll shaman calls upon its god to heal the gnoll.
The gnoll is healed somewhat.
Gastronok bites you!!
Ouch! That really hurt!
You die...

#.............
##.............
#..............
................
........r.......
......g.r.......
......)wr.......
#.....g@g.......
#.....g.........
##..#...........
#...#..>......8
#...##..?......
##. #......... #
#....#....
#######... ##.


You could see Gastronok (swift), a gnoll shaman, 3 gnolls, a river rat
(summoned), a quokka (summoned) and a rat (summoned).

Vanquished Creatures
  Grinder (D:6)
  Sigmund (D:5)
  A water moccasin (D:7)
  An orc warrior (D:7)
  A black bear (D:6)
  2 necrophages
  4 centaurs
  2 phantoms
  2 bullfrogs
  A scorpion (D:5)
  2 water moccasin zombies (D:5)
  A water moccasin skeleton (D:3)
  5 wights (D:7)
  A howler monkey (D:7)
  A bullfrog zombie (D:6)
  An orc priest (D:5)
  A centaur zombie (D:7)
  3 centaur skeletons
  2 iguanas (D:4)
  2 orc wizards
  A hound zombie (D:5)
  A hound skeleton (D:4)
  8 mummies (Ossuary)
  2 gnolls (D:8)
  2 howler monkey skeletons
  10 adders
  A worm (D:2)
  2 dart slugs (D:3)
  11 orcs
  7 ball pythons
  6 endoplasms
  16 giant cockroaches
  8 goblins
  5 hobgoblins
  4 jackals (D:1)
  3 quokkas
  2 bats
  4 frilled lizards
  A gnoll zombie (Ossuary)
  A hobgoblin zombie (Ossuary)
  7 kobolds
  4 kobold zombies (Ossuary)
  2 orc zombies (Ossuary)
  4 rats
147 creatures vanquished.

Notes
Turn   | Place    | Note
-------+----------+-------------------------------------------
     0 | D:1      | bande the Gargoyle Fighter began the quest for the Orb.
     0 | D:1      | Reached XP level 1. HP: 14/14 MP: 1/1
   175 | D:1      | Reached XP level 2. HP: 11/19 MP: 2/2
   487 | D:1      | Reached skill level 2 in Axes
  1227 | D:1      | Found a faded altar of an unknown god.
  1245 | D:1      | Reached XP level 3. HP: 24/24 MP: 3/3
  2041 | D:2      | Identified the +4 scale mail of Pathos {rN+ Int-2 Stlth+}
  2177 | D:2      | Found an ancient bone altar of Kikubaaqudgha.
  2303 | D:2      | Reached XP level 4. HP: 29/29 MP: 4/4
  2359 | D:2      | Reached skill level 3 in Axes
  2704 | D:3      | Reached XP level 5. HP: 27/33 MP: 5/5
  3188 | D:3      | Reached skill level 4 in Axes
  3721 | D:4      | Noticed a centaur
  3729 | D:4      | Killed a centaur
  3730 | D:4      | Reached XP level 6. HP: 33/38 MP: 6/6
  3809 | D:4      | Found a sand-covered staircase.
  3818 | Ossuary  | Entered an ossuary
  4870 | Ossuary  | Reached skill level 5 in Axes
  5626 | D:4      | Reached XP level 7. HP: 32/44 MP: 7/7
  5636 | D:4      | Found a white marble altar of Elyvilon.
  6214 | D:4      | Reached skill level 5 in Armour
  6476 | D:5      | Entered Level 5 of the Dungeon
  6482 | D:5      | Noticed Sigmund
  6517 | D:5      | Killed Sigmund
  6518 | D:5      | Reached skill level 5 in Fighting
  6518 | D:5      | Reached skill level 6 in Axes
  6518 | D:5      | Reached XP level 8. HP: 25/49 MP: 8/8
  7227 | D:5      | Reached skill level 1 in Evocations
  7311 | D:5      | Found Upsuhah's Distillery.
  7323 | D:5      | Reached skill level 7 in Axes
  7323 | D:5      | Reached skill level 5 in Shields
  7706 | D:5      | Bought a potion of degeneration for 14 gold pieces
  8050 | D:6      | Found a staircase to the Ecumenical Temple.
  8072 | Temple   | Entered the Ecumenical Temple
  8092 | Temple   | Became a worshipper of Warmaster Okawaru
  8117 | D:6      | Noticed Grinder
  8143 | D:6      | Paralysed by Grinder for 2 turns
  8149 | D:6      | Killed Grinder
  8150 | D:6      | Reached skill level 1 in Invocations
  8150 | D:6      | Reached XP level 9. HP: 54/55 MP: 9/9
  8452 | D:6      | Found a glowing golden altar of the Shining One.
  9872 | D:7      | Reached * piety under Okawaru
  9873 | D:7      | Reached skill level 8 in Axes
  9973 | D:7      | Found an ornate altar of the Wu Jian Council.
 10116 | D:7      | Gained mutation: You are partially covered in iridescent
                  | scales. (AC +2) [potion of mutation]
 10116 | D:7      | Gained mutation: You occasionally shout uncontrollably at
                  | your foes. [potion of mutation]
 10116 | D:7      | Gained mutation: Your muscles are strong. (Str +2) [potion
                  | of mutation]
 10191 | D:7      | You fall into a shaft and drop 2 floors!
 10191 | D:9      | Found a staircase to the Orcish Mines.
 10238 | D:8      | Noticed Gastronok
 10251 | D:8      | Mangled by Gastronok

Illustrated notes

Levels and vault maps discovered:
D:1:      minmay_arrival_shoal_huts, layout_loops_cross,
          ebering_ecumenical_altar_box
D:2:      minmay_roachtagon, layout_loops_ring, basic_altar
D:3:      layout_basic
D:4:      layout_loops_cross, old_standard_altar,
          nicolae_ossuary_entry_false_entrances
D:5:      layout_rooms, kennysheep_windowed_goal, uniq_sigmund
D:6:      layout_basic, mainiacjoe_overflow_catwalk,
          minmay_temple_entry_stoned_glass, uniq_grinder
D:7:      minmay_general_purpose_star, layout_basic,
          mainiacjoe_overflow_small_starburst, nzn_wu_jian_contemplation,
          chequers_serial_rivers_micro_d
D:8:      layout_cave_pods, nicolae_overflow_crystal_walls, david_lair_shrubbed,
          enter_bailey_6, serial_column_ruins, column_ruins_hut_ruined,
          column_ruins_grid_1, column_ruins_corridor_straight,
          column_ruins_grid_3, column_ruins_open_large,
          nicolae_shop_firing_range, uniq_joseph, uniq_gastronok
D:9:      layout_irregular_city, beargit_hepliaklqana_dungeon_heroes, erik_orc_3
Temple:   eino_temple_scatter_basement

Skill      XL: |  1  2  3  4  5  6  7  8  9 |
---------------+----------------------------+-----
Axes           | 2 3 4 5 6 7 8 |  8.2
Armour         | 4 5 6 |  6.3
Fighting       | 4 5 6 |  6.0
Shields        | 4 5 |  5.4
Evocations     | 2 3 |  3.0
Invocations    | 1 2 |  2.6

Action                   |  1- 3 |  4- 6 |  7- 9 || total
-------------------------+-------+-------+-------++-------
Melee: War axe           |   106 |   171 |   267 ||   544
  Use: Scroll            |     3 |     3 |    10 ||    16
       Potion            |       |       |     1 ||     1
Armor: Scale mail        |    53 |    40 |       ||    93
       Plate armour      |       |    67 |   206 ||   273
Dodge: Dodged            |    48 |    74 |    86 ||   208
Block: Buckler           |    18 |    56 |    90 ||   164

Table legend: (Time is in decaauts)
 A = Elapsed time spent in this place.
 B = Non-inter-level travel time spent in this place.
 C = Inter-level travel time spent in this place.
 D = Time resting spent in this place.
 E = Time spent auto-exploring this place.
 F = Levels seen in this place.
 G = Mean time per level.
                   A        B        C        D        E       F      G
               +--------+--------+--------+--------+--------+-----+--------+
         Total |  10391 |  10261 |    130 |   4392 |   4329 |  11 |  944.6 |
       Dungeon |   8649 |   8529 |    120 |   3006 |   4160 |   9 |  961.0 |
        Temple |     38 |     28 |     10 |      0 |      7 |   1 |   38.0 |
       Ossuary |   1704 |   1704 |      0 |   1386 |    162 |   1 | 1704.0 |
               +--------+--------+--------+--------+--------+-----+--------+

Top non-repeatable levels by time:
     D:1: 1954 daAuts
 Ossuary: 1704 daAuts
     D:5: 1443 daAuts
     D:7: 1208 daAuts
     D:4: 1098 daAuts
     D:3: 1089 daAuts
     D:6: 1037 daAuts
     D:2: 753 daAuts
     D:9: 47 daAuts
  Temple: 38 daAuts
     D:8: 17 daAuts
